 Dungeon Crawl Stone Soup version 0.18.1-48-g4cf74bf (webtiles) character file.

31 MaCx the Magician (level 3, -1/19 HPs)
             Began as a Gargoyle Wizard on Sept 3, 2016.
             Slain by a jackal (2 damage)
             ... on level 1 of the Dungeon.
             The game lasted 00:04:29 (1363 turns).

MaCx the Magician (Gargoyle Wizard)                 Turns: 1363, Time: 00:04:29

Health: -1/19      AC:  6    Str: 10    XL:     3   Next: 22%
Magic:  1/8        EV: 11    Int: 19    God:
Gold:   72         SH:  0    Dex:  8    Spells: 1 memorised, 8 levels left

rFire  . . .     SeeInvis .     (no weapon)
rCold  . . .     Gourm    .     a - +0 robe
rNeg   + + .     Faith    .     (no shield)
rPois  ∞         Spirit   .     b - +0 hat
rElec  +         Dismiss  .     (no cloak)
rCorr  .         Reflect  .     (no gloves)
SustAt .         Harm     .     e - +0 pair of boots
MR     .....                    (no amulet)
Stlth  ++........               (no ring)
                                f - ring of positive energy

@: not resistant to hostile enchantments, unstealthy
A: negative energy resistance 1, electricity resistance, unbreathing,
petrification resistance, rot immunity, AC +3
a: no special abilities


You were on level 1 of the Dungeon.
You were not hungry.

You visited 1 branch of the dungeon, and saw 1 of its levels.

You collected 72 gold pieces.

Inventory:

Hand Weapons
 i - a +1 dagger of draining
Armour
 a - a +0 robe (worn)
 b - a +0 hat (worn)
 e - a +0 pair of boots (worn)
Jewellery
 f - a ring of positive energy (left hand)
Scrolls
 g - a scroll of identify
Potions
 h - a potion of brilliance {unknown}
Books
 c - a book of Minor Magic

   Spells                             Type                      Level
   a - Magic Dart                     Conjuration                  1
   b - Blink                          Translocation                2
   c - Call Imp                       Summoning                    2
   d - Repel Missiles                 Charms/Air                   2
   e - Slow                           Hexes                        2
   f - Conjure Flame                  Conjuration/Fire             3
   g - Mephitic Cloud                 Conjuration/Poison/Air       3
Comestibles
 d - a bread ration
 j - 2 chunks of flesh


   Skills:
 - Level 1.5 Dodging
 - Level 2.1 Stealth
 + Level 3.5 Spellcasting
 + Level 2.4 Conjurations
   Level 0.8 Summonings
   Level 0.8 Translocations


You had 8 spell levels left.
You knew the following spells:

 Your Spells              Type           Power        Failure   Level  Hunger
a - Magic Dart            Conj           ##..         8%          1    None


Dungeon Overview and Level Annotations

Branches:
Dungeon (1/15)

Altars:


Innate Abilities, Weirdness & Mutations

You are resistant to torment.
Your stone body is resilient (AC +3).
You are immune to poison.
You resist negative energy.
You are resistant to electric shocks.
You can survive without breathing.
You are immune to petrification.
You are immune to rotting.


Message History

You closely miss the jackal.
The jackal is moderately wounded.
The jackal bites you but does no damage.
The jackal barely misses you. The jackal closely misses you.
You hit the jackal but do no damage.
The jackal is moderately wounded.
The jackal bites you but does no damage.
The jackal closely misses you.
The jackal bites you but does no damage.
Casting: Magic Dart
Confirm with . or Enter, or press ? or * to list all spells.
Aiming: Magic Dart
Press: ? - help, Shift-Dir - straight line, f - jackal
Aim: a jackal (moderately wounded)
The magic dart hits the jackal.
The jackal is severely wounded.
The jackal bites you.
* * * LOW HITPOINT WARNING * * *
The jackal barely misses you. The jackal bites you.
You die...

########.......###.##...........#
............................#####
######...#...#####.##.##.........
######.#.....# #.##.##.........
.....).......# #.##.##.........
##............# #...............
#.....#...#.#####...............
##.....#.....###h.....##.###...(#
.......##.##....@........####.#..
........h.......h................
..........##.##.############.....
###...........#(#### #.......
#.......###.#....### #.#.#...
#.......#...####...#####.#.#...
###...#####.### ##...##....###.##
#.............###....##.##.# #.##
#...........#........##.##.###.##


You could see 2 jackals.

Vanquished Creatures
  3 giant geckos (D:1)
  2 bats (D:1)
  A giant cockroach (D:1)
  5 goblins (D:1)
  2 hobgoblins (D:1)
  5 jackals (D:1)
  A giant newt (D:1)
  3 kobolds (D:1)
  3 rats (D:1)
25 creatures vanquished.

Notes
Turn   | Place    | Note
--------------------------------------------------------------
     0 | D:1      | MaCx the Gargoyle Wizard began the quest for the Orb.
     0 | D:1      | Reached XP level 1. HP: 10/10 MP: 4/4
   279 | D:1      | Reached XP level 2. HP: 15/15 MP: 1/6
  1040 | D:1      | Reached XP level 3. HP: 19/19 MP: 1/8
  1363 | D:1      | Slain by a jackal

Skill      XL: |  1  2 |
---------------+-------+-----
Conjurations   | 2 |  2.4
Dodging        | |  1.5
Stealth        | |  2.1
Spellcasting   | |  3.5
Summonings     | |  0.8
Translocations | |  0.8

Action                   || total
-------------------------++-------
Melee: Unarmed           ||    50
 Cast: Magic Dart        ||    71
  Use: Scroll            ||     1
  Eat: Chunk             ||     1
Armor: Robe              ||    40
Dodge: Dodged            ||    71
